 Dungeon Crawl Stone Soup version 0.30-a0-696-g2367cd04db (webtiles) character file.

Game seed: 15606187517252973571

23 mandarbmax the Firebug (level 3, 0/21 HPs)
             Began as an Octopode Fire Elementalist on Jan 20, 2023.
             Frozen to death by an endoplasm (2 damage)
             ... on level 1 of the Dungeon.
             The game lasted 00:02:46 (1041 turns).

mandarbmax the Firebug (Octopode Fire Elementalist) Turns: 1041, Time: 00:02:47

Health: 0/21       AC:  1    Str:  7    XL:     3   Next: 0%
Magic:  0/6        EV: 13    Int: 19    God:
Gold:   25         SH:  0    Dex: 12    Spells: 0/6 levels left

rFire   . . .      SeeInvis .    b - +1 dagger
rCold   . . .      Faith    .    (no shield)
rNeg    . . .      Spirit   .    (helmet restricted)
rPois   .          Reflect  .    (no amulet)
rElec   .          Harm     .    (no ring)
rCorr   .          Rampage  .    (no ring)
Will    .....                    (no ring)
Stlth   +++                      (no ring)
HPRegen 0.23/turn                (no ring)
MPRegen 0.10/turn                (no ring)
                                 (no ring)
                                 (no ring)

@: very slightly contaminated
A: almost no armour, amphibious, 8 rings, camouflage 1, gelatinous body 1,
(nimble swimmer 1), tentacles
a: no special abilities


You were on level 1 of the Dungeon.
You visited 1 branch of the dungeon, and saw 2 of its levels.

You collected 25 gold pieces.

Inventory:

Hand Weapons
 b - a +1 dagger (weapon)
Scrolls
 f - a scroll of vulnerability {unknown}
 g - a scroll of immolation {unknown}
Potions
 a - a potion of magic
 e - a potion of degeneration {unknown}


   Skills:
 - Level 2.0 Dodging
 - Level 2.6 Stealth
 - Level 2.0 Spellcasting
 - Level 1.0 Conjurations
 + Level 4.1 Fire Magic


You couldn't memorise any spells.
You knew the following spells:

 Your Spells              Type           Power      Damage    Failure   Level
a - Foxfire               Conj/Fire      44%        2x1d6     6%          1
b - Scorch                Fire           34%        2d6       4%          2
c - Kindle Blastsparks    Fire/Tloc/Air  14%        2d11      28%         3

Your spell library contained the following spells:

 Spells                   Type           Power      Damage    Failure   Level
 Slow                     Hex            4%         N/A       17%         1
 Inner Flame              Hex/Fire       9%         N/A       22%         3
 Confusing Touch          Hex            1%         N/A       45%         3
 Vampiric Draining        Necr           1%         2d6       45%         3
 Flame Wave               Conj/Fire      11%        2d6       52%         4


Dungeon Overview and Level Annotations

Branches:
Dungeon (2/15)

Altars:


Innate Abilities, Weirdness & Mutations

You cannot wear most types of armour.
You are amphibious.
You can wear up to eight rings at the same time.
Your skin changes colour to match your surroundings (Stealth+).
Your rubbery body absorbs attacks. (AC +1, EV +1)
((You are camouflaged when in or above water. (Stealth+)))
You have tentacles for arms and can constrict up to eight enemies at once.


Message History

You finish memorising.
Spell assigned to 'c'.
You climb downwards.
The endoplasm freezes you.
You are frozen.
The frilled lizard bites you. The worm bites you.
There is a stone staircase leading up here.
The endoplasm hits you.
The frilled lizard completely misses you.
You climb upwards.
There is a stone staircase leading down here.
There is not enough space to conjure foxfire!
Casting: Foxfire (safe; 6% risk of failure)
Confirm with . or Enter, or press ? or * to list all spells.
The spell is astonishingly dangerous to miscast (28% risk of failure)!
Continue anyway?
You miscast Kindle Blastsparks.
You are very lightly contaminated with residual magic.
Nothing appears to happen.
The frilled lizard bites you. The endoplasm closely misses you.
The worm closely misses you.
Casting: Kindle Blastsparks (astonishingly dangerous; 28% risk of failure)
Confirm with . or Enter, or press ? or * to list all spells.
The spell is astonishingly dangerous to miscast (28% risk of failure)!
Continue anyway?
You miscast Kindle Blastsparks.
Nothing appears to happen.
The frilled lizard barely misses you.
The endoplasm jiggles.
The endoplasm freezes you.
You are frozen.
Casting: Kindle Blastsparks (astonishingly dangerous; 28% risk of failure)
Confirm with . or Enter, or press ? or * to list all spells.
You don't have enough magic to cast this spell.
As you read the scroll labelled ZEUTAH JEDOSH, it crumbles to dust.
It is a scroll of enchant weapon.
Your +0 dagger glows red for a moment.
The frilled lizard closely misses you. The endoplasm freezes you.
You are frozen.
The worm bites you!
* * * LOW HITPOINT WARNING * * *
As you read the scroll labelled RIUTAF RUECS, it crumbles to dust.
You feel momentarily disoriented.
It was a scroll of magic mapping.
The frilled lizard barely misses you. The endoplasm freezes you.
You are frozen.
You die...

########## # #........# #
#........# #
#############........# #
#.......)............# #
###...##########'##### #
#...'..........# #
#####...#####################
##.......####@l...............
#.....#.....#Jw.##############
#.....##..........##.......#
#.....#......##.#..'.......#
#.....#......##.####.......#
##....#.#######.# #.......###
##....#.# #.# ######.....
#.....#.# ####.# #.####
#)###...# #....# #.##..


You could see a worm, an endoplasm and a frilled lizard.

Vanquished Creatures
  A dart slug (D:1)
  3 bats
  3 endoplasms (D:1)
  A hobgoblin (D:2)
  2 jackals (D:2)
  A quokka (D:2)
  A ball python (D:1)
  A frilled lizard (D:1)
  2 goblins (D:1)
  2 kobolds (D:1)
  3 rats (D:1)
20 creatures vanquished.

Vanquished Creatures (others)
  54 foxfires
54 creatures vanquished.

Grand Total: 74 creatures vanquished

Notes
Turn   | Place    | Note
-------+----------+-------------------------------------------
     0 | D:1      | mandarbmax the Octopode Fire Elementalist began the quest
                  | for the Orb.
     0 | D:1      | Reached XP level 1. HP: 11/11 MP: 3/3
   229 | D:1      | Reached XP level 2. HP: 17/17 MP: 0/5
   969 | D:2      | Reached skill level 4 in Fire Magic
   973 | D:2      | Reached XP level 3. HP: 18/21 MP: 0/6
  1030 | D:1      | Learned a level 2 spell: Scorch
  1034 | D:1      | Learned a level 3 spell: Kindle Blastsparks
  1041 | D:1      | Frozen to death by an endoplasm

Illustrated notes

Levels and vault maps discovered:
D:1:      onia_arrival_mini_maze_b, layout_basic
D:2:      layout_rooms, serial_shops, nicolae_shop_stone, basic_altar,
          uniq_natasha, uniq_crazy_yiuf_cottage

Skill      XL: |  1  2 |
---------------+-------+-----
Fire Magic     | 4 |  4.1
Dodging        | |  2.0
Stealth        | |  2.6
Spellcasting   | |  2.0
Conjurations   | |  1.0

Action                   || total
-------------------------++-------
Melee: Dagger            ||     6
       Tentacles         ||     3
       Constrict         ||     2
 Cast: Foxfire           ||    31
  Use: Scroll            ||     2
 Stab: Sleeping          ||     2
Armor: Skin              ||     2
Dodge: Dodged            ||    19

Table legend: (Time is in decaauts)
 A = Elapsed time spent in this place.
 B = Non-inter-level travel time spent in this place.
 C = Inter-level travel time spent in this place.
 D = Time resting spent in this place.
 E = Time spent auto-exploring this place.
 F = Levels seen in this place.
 G = Mean time per level.
                   A        B        C        D        E       F      G
               +--------+--------+--------+--------+--------+-----+--------+
         Total |   1041 |    986 |     55 |     85 |    772 |   2 |  520.5 |
       Dungeon |   1041 |    986 |     55 |     85 |    772 |   2 |  520.5 |
               +--------+--------+--------+--------+--------+-----+--------+

Top non-repeatable levels by time:
     D:1: 1031 daAuts
     D:2: 10 daAuts
